 Dungeon Crawl Stone Soup version 0.31.0-9-g3a7656b989 (webtiles) character file.

Game seed: 3354145815516556591

62 qw the Shooter (level 3, 0/20 HPs)
             Began as a Deep Elf Hunter on Feb 2, 2024.
             Succumbed to an adder's poison
             ... on level 2 of the Dungeon.
             The game lasted 00:00:03 (854 turns).

qw the Shooter (Deep Elf Hunter)                     Turns: 854, Time: 00:00:04

Health: 0/20       AC:  6    Str: 10    XL:     3   Next: 85%
Magic:  5/5        EV:  9    Int: 13    God:
Gold:   68         SH:  0    Dex: 18    Spells: 2/2 levels left

rFire   . . .        a - +0 shortbow
rCold   . . .        (shield currently unavailable)
rNeg    . . .        d - +0 scale mail
rPois   .            (no helmet)
rElec   .            (no cloak)
rCorr   .            (no gloves)
SInv    .            (no boots)
Will    .....        k - amulet of the acrobat
Stlth   +            (no ring)
HPRegen 0.23/turn    (no ring)
MPRegen 0.09/turn

%: acrobat
@: lethally poisoned (0 -> -17)
A: no striking features
a: no special abilities


You were on level 2 of the Dungeon.
You visited 1 branch of the dungeon, and saw 2 of its levels.

You collected 68 gold pieces.


   Skills:
 - Level 1.5 Fighting
 + Level 7.3 Ranged Weapons
 - Level 2.4 Dodging
 - Level 1.2 Stealth


You had 2 spell levels left.
You didn't know any spells.
Your spell library was empty.

Inventory:

Hand Weapons
 a - a +0 shortbow (weapon)
Armour
 d - a +0 scale mail (worn)
Jewellery
 k - an amulet of the acrobat (around neck)

Dungeon Overview and Level Annotations

Branches:
Dungeon (2/15)

Altars:


Message History

The adder is moderately wounded.
The adder barely misses you. The adder bites you but does no damage.
The frilled lizard bites you but does no damage.
The adder bites you. The adder bites you but does no damage.
You shoot an arrow. The arrow misses the adder.
The arrow hits the quokka but does no damage.
The adder closely misses you. The adder completely misses you.
The frilled lizard closely misses you.
You shoot an arrow. The arrow barely misses the adder.
The adder bites you but does no damage. The adder closely misses you.
The quokka bites you but does no damage.
The frilled lizard bites you but does no damage.
The adder bites you but does no damage. The adder barely misses you.
The quokka barely misses you.
The frilled lizard unfolds its giant frill.
The frilled lizard barely misses you.
You shoot an arrow.
The arrow hits the adder but does no damage.
The adder is moderately wounded.
The adder bites you. x2
You are poisoned.
The adder poisons you!
The quokka bites you but does no damage.
The frilled lizard bites you but does no damage.
The adder bites you.
You are lethally poisoned!
The adder poisons you! The adder bites you but does no damage.
You shoot an arrow. The arrow closely misses the adder.
You feel very sick. The quokka barely misses you. The adder closely misses you.
The adder bites you but does no damage.
The frilled lizard hisses.
The frilled lizard barely misses you. The quokka bites you.
The adder bites you but does no damage. The adder bites you.
You are more poisoned.
The adder poisons you!
You shoot an arrow.
The arrow hits the adder but does no damage.
The adder is moderately wounded.
You die...

..#...###. #........
.. #.......#.($ ..
#......?#...
.[##...........
....#..........
#...lS..#.#..
#..S@.......
#..r........ #.
#.........#.
#..###............##
#...##.....##.....#..
#....##.###.......#
####....###....... .
#..####......# ..
#...###.....##..


You could see 2 adders, a quokka and a frilled lizard.

Vanquished Creatures
  Terence (D:2)
  A dart slug (D:1)
  2 ball pythons
  2 bats (D:1)
  5 endoplasms
  A giant cockroach (D:1)
  2 goblins (D:1)
  A hobgoblin (D:1)
  4 jackals (D:1)
  3 kobolds (D:1)
  3 quokkas
  2 frilled lizards (D:1)
  4 rats
31 creatures vanquished.

Notes
Turn   | Place    | Note
-------+----------+-------------------------------------------
     0 | D:1      | qw the Deep Elf Hunter began the quest for the Orb.
     0 | D:1      | Reached XP level 1. HP: 12/12 MP: 3/3
     0 | D:1      | 0 ||| qw: Version: 0.3-a-155-g5e7d8dd
     0 | D:1      | 0 ||| qw: Game counter: 427
     0 | D:1      | 0 ||| qw: Melee chars always use a shield: true
     0 | D:1      | 0 ||| qw: God list: Okawaru
     0 | D:1      | 0 ||| qw: Allow faded altars: false
     0 | D:1      | 0 ||| qw: Do Orc after clearing Dungeon:15 true
     0 | D:1      | 0 ||| qw: Do second Lair branch before Depths: true
     0 | D:1      | 0 ||| qw: Lair rune preference: random
     0 | D:1      | 0 ||| qw: Goals: Normal
     0 | D:1      | 0 ||| PLANNING D:1-11
    75 | D:1      | Reached skill level 6 in Ranged Weapons
    75 | D:1      | Reached XP level 2. HP: 16/16 MP: 4/4
   396 | D:1      | Reached XP level 3. HP: 12/20 MP: 5/5
   656 | D:1      | 656 ||| UPGRADING to +0 scale mail.
   666 | D:1      | 666 ||| DROPPING +0 leather armour.
   667 | D:1      | 667 ||| UPGRADING to amulet of the acrobat.
   672 | D:1      | 672 ||| READING 3 scrolls labelled ZUYBRA XINOGA.
   672 | D:1      | 672 ||| IDENTIFYING fizzy puce potion
   673 | D:1      | 673 ||| READING 2 scrolls of identify.
   673 | D:1      | 673 ||| IDENTIFYING metallic yellow potion
   674 | D:1      | 674 ||| READING scroll of identify.
   674 | D:1      | 674 ||| IDENTIFYING bubbling orange potion
   675 | D:1      | 675 ||| READING scroll labelled LES HOINYNI.
   676 | D:1      | 676 ||| READING scroll labelled NASTYL BETUE.
   677 | D:1      | 677 ||| DROPPING scroll of butterflies.
   678 | D:1      | 678 ||| DROPPING potion of berserk rage.
   679 | D:1      | 679 ||| DROPPING potion of degeneration.
   681 | D:1      | 681 ||| Stepping ~*~*~tactically~*~*~ (cloud).
   760 | D:2      | Noticed Terence
   769 | D:2      | Killed Terence
   770 | D:2      | Reached skill level 7 in Ranged Weapons
   771 | D:2      | HP: 5/20 [frozen (4)]
   772 | D:2      | 772 ||| DRINKING potion of heal wounds.
   853 | D:2      | HP: 5/20 [adder (2)]
   854 | D:2      | Succumbed to an adder's poison

Levels and vault maps discovered:
D:1:      dpeg_arrival_tiny_a, layout_loops_ring, minmay_misc_feat_tiny,
          minmay_parallelograms, minmay_misc_feat_pillars, minmay_tiny_reverse_x
D:2:      layout_rooms, uniq_crazy_yiuf_cottage, uniq_sigmund, uniq_terence

Skill      XL: |  1  2  3 |
---------------+----------+-----
Ranged Weapons | 6 7 |  7.3
Fighting       | |  1.5
Dodging        | |  2.4
Stealth        | |  1.2

Action                     || total
---------------------------++-------
   Fire: Shortbow          ||   106
    Use: Scroll            ||     5
         Potion            ||     1
 Armour: Leather armour    ||     2
         Scale mail        ||    41
  Dodge: Dodged            ||    31

Table legend:
 A = Non-vault XP
 B = Vault XP
 C = Vault XP percentage of total XP
 D = Non-vault monster count
 E = Vault monster count
 F = Vault count percentage of total count
                 A         B        C        D         E       F
            +---------+---------+-------+---------+---------+-------
      Total |      48 |      41 |  46.1 |      28 |       3 |   9.7
            +---------+---------+-------+---------+---------+-------
        D:1 |      41 |       5 |  10.9 |      24 |       2 |   7.7
        D:2 |       7 |      36 |  83.7 |       4 |       1 |  20.0
            +---------+---------+-------+---------+---------+-------
